 Dungeon Crawl Stone Soup version 0.27-a0-1137-g3ef0f4ec91 (webtiles) character file.

Game seed: 16628286577330925254

74249 Armakuni the Cruncher (level 15, 115/115 HPs)
             Began as a Human Conjurer on May 4, 2021.
             Was a High Priest of Vehumet.
             Got out of the dungeon alive.
             The game lasted 01:38:35 (27782 turns).

Armakuni the Cruncher (Human Conjurer)             Turns: 27782, Time: 01:38:35

Health: 115/115    AC: 13    Str: 17    XL:     15   Next: 93%
Magic:  39/39      EV: 13    Int: 19    God:    Vehumet [*****.]
Gold:   74         SH:  8    Dex: 12    Spells: 12/36 levels left

rFire    + + .     SeeInvis .   a - staff of earth
rCold    . . .     Faith    .   L - +3 buckler {rF+}
rNeg     . . .     Spirit   .   i - +0 troll leather armour
rPois    .         Reflect  .   J - +2 helmet
rElec    .         Harm     .   G - +0 cloak
rCorr    .         Rampage  .   p - +0 pair of gloves "Hiblioqi" {rF+ Will++ Str+4}
Will     ++++.                  c - +2 pair of boots
Stlth    ++........             M - amulet of magic regeneration
HPRegen  1.29/turn              W - ring of willpower
MPRegen  0.51/turn              P - ring of magical power

@: no status effects
A: no striking features
a: Renounce Religion


You escaped.
You worshipped Vehumet.
Vehumet was extremely pleased with you.
You visited 4 branches of the dungeon, and saw 20 of its levels.
You also visited: Sewer, Ossuary, Bailey and Volcano.

You collected 2031 gold pieces.
You spent 1957 gold pieces at shops.

Inventory:

Missiles
 y - a throwing net
 D - 4 boomerangs of dispersal
Armour
 c - a +2 pair of boots (worn)
 i - a +0 troll leather armour (worn)
 p - the +0 pair of gloves "Hiblioqi" (worn) {rF+ Will++ Str+4}
   (You found it on level 4 of the Lair of Beasts)

   It affects your strength (+4).
   It protects you from fire.
   It greatly increases your willpower.
 q - a +4 chain mail of fire resistance
 G - a +0 cloak (worn)
 J - a +2 helmet (worn)
 L - a +3 buckler of fire resistance (worn)
Magical Staves
 a - a staff of earth (weapon)
 b - a staff of death
Jewellery
 M - an amulet of magic regeneration (around neck)
 P - a ring of magical power (right hand)
 W - a ring of willpower (left hand)
Wands
 f - a wand of flame (65)
 h - a wand of polymorph (8)
 k - a wand of digging (4)
Scrolls
 e - 18 scrolls of teleportation
 j - 4 scrolls of fear
 o - a scroll of immolation
 s - a scroll of brand weapon
 u - 7 scrolls of identify
 v - 4 scrolls of noise
 A - 2 scrolls of blinking
 C - 2 scrolls of fog
 F - a scroll of holy word
 N - a scroll of enchant armour
 Q - a scroll of summoning
 R - a scroll of torment
 S - a scroll of silence
Potions
 d - 7 potions of curing
 l - 4 potions of magic
 m - a potion of flight
 n - 2 potions of lignification
 r - 6 potions of might
 w - 4 potions of mutation
 x - 2 potions of resistance
 z - 6 potions of ambrosia
 I - 4 potions of brilliance
 K - 2 potions of berserk rage


   Skills:
 - Level 10.0 Fighting
 - Level 12.0 Staves
 - Level 5.0 Armour
 - Level 5.0 Dodging
 - Level 2.0 Stealth
 - Level 4.0 Shields
 + Level 11.1 Spellcasting
 - Level 11.1 Conjurations
 - Level 10.0 Earth Magic
 - Level 10.0 Evocations


You had 12 spell levels left.
You knew the following spells:

 Your Spells              Type           Power      Damage    Failure   Level
a - Apportation           Tloc           20%        N/A       8%          1
f - Sticky Flame          Conj/Fire      31%        2d5       2%          4
m - Iskenderun's Mystic   Conj/Tloc      31%        2d8       2%          4
o - Orb of Destruction    Conj           25%        9d10      17%         7
s - Iron Shot             Conj/Erth      33%        9d7       4%          6
z - Searing Ray           Conj           100%       3d7       1%          2

Your spell library contained the following spells:

 Spells                   Type           Power      Damage    Failure   Level
 Eringya's Noxious Bog    Tmut/Pois      5%         N/A       94%         6
 Magic Dart               Conj           100%       1d8       1%          1
 Sandblast                Erth           100%       2d20      1%          1
 Passwall                 Tmut/Erth      36%        N/A       1%          2
 Conjure Flame            Conj/Fire      31%        6-21      1%          3
 Dazzling Flash           Conj/Hex       62%        N/A       1%          3
 Mephitic Cloud           Conj/Pois/Air  24%        N/A       1%          3
 Stone Arrow              Conj/Erth      100%       3d13      1%          3
 Iskenderun's Battlesphe  Conj           51%        2d10      1%          5
 Lee's Rapid Deconstruct  Erth           32%        3d17*     1%          5
 Fulminant Prism          Conj/Hex       15%        3d11      2%          4
 Poisonous Vapours        Pois/Air       20%        N/A       3%          2
 Bolt of Magma            Conj/Fire/Erth 27%        4d13      3%          5
 Ignite Poison            Fire/Tmut/Pois 10%        N/A       7%          3
 Animate Skeleton         Necr           20%        N/A       8%          1
 Corona                   Hex            11%        N/A       8%          1
 Sting                    Tmut/Pois      40%        1d5       8%          1
 Summon Small Mammal      Summ           40%        N/A       8%          1
 Petrify                  Tmut/Erth      44%        N/A       10%         4
 Call Imp                 Summ           10%        N/A       12%         2
 Ensorcelled Hibernation  Hex/Ice        20%        N/A       12%         2
 Olgreb's Toxic Radiance  Pois           10%        N/A       21%         4
 Call Canine Familiar     Summ           10%        N/A       24%         3
 Confusing Touch          Hex            10%        N/A       24%         3
 Summon Guardian Golem    Hex/Summ       10%        N/A       24%         3
 Tukima's Dance           Hex            10%        N/A       24%         3
 Summon Ice Beast         Ice/Summ       10%        N/A       61%         4
 Summon Lightning Spire   Summ/Air       10%        N/A       61%         4
 Spellforged Servitor     Conj/Summ      15%        N/A       82%         7
 Shadow Creatures         Summ           N/A        N/A       100%        6


Dungeon Overview and Level Annotations

Branches:
Dungeon (11/15)            Temple (1/1) D:5            Lair (6/6) D:9
  Swamp (0/4) Lair:2        Snake (0/4) Lair:4        Slime (0/5) Lair:5
    Orc (2/2) D:10            Elf (0/3) Orc:2         Sewer (visited)
Ossuary (visited)          Bailey (visited)         Volcano (visited)

Altars:
Ashenzari
Cheibriados
Dithmenos
Elyvilon
Fedhas
Gozag
Hepliaklqana
Kikubaaqudgha
Makhleb
Nemelex Xobeh
Okawaru
Qazlal
Ru
Sif Muna
Trog
Uskayaw
Vehumet
Wu Jian
Xom
Yredelemnul
Zin
The Shining One

Shops:
D:2 *   D:5 (   D:7 :   Orc:2 *([=


Message History

There is a stone staircase leading down here.
There is a stone staircase leading up here.
You climb upwards.
There is a stone staircase leading down, spattered with blood here.
You see here a +0 club.
There is a stone staircase leading up here.
You climb upwards.
There is a stone staircase leading down here.
There is a stone staircase leading up here.
You climb upwards.
There is a stone staircase leading down here.
There is an entrance to Sioh Qoq's Assorted Antiques here.
t - a scroll of amnesia Thank you for shopping at Sioh Qoq's Assorted Antiques!
As you read the scroll of magic mapping, it crumbles to dust.
You feel momentarily disoriented.
Forget Iskenderun's Battlesphere, freeing 5 spell levels for a total of 12?
Your memory of Iskenderun's Battlesphere unravels.
(D) Dungeon (T) Temple (L) Lair (S) Swamp (P) Snake Pit (M) Slime Pits (O) Orcish Mines (E) Elven Halls
Where to? (Enter - D:2 @ (x,y), ? - help)
Okay, then.
Unknown command.
Search for what [Enter for "amnesia", or ? for help]? rpois
(D) Dungeon (T) Temple (L) Lair (S) Swamp (P) Snake Pit (M) Slime Pits (O) Orcish Mines (E) Elven Halls
Where to? (Enter - D:2 @ (x,y), ? - help)
Okay, then.
Unknown command.
(D) Dungeon (T) Temple (L) Lair (S) Swamp (P) Snake Pit (M) Slime Pits (O) Orcish Mines (E) Elven Halls
Where to? (Enter - D:2 @ (x,y), ? - help)
What level of the Dungeon? (default 1, ? - help)
There is a stone staircase leading up here.
You climb upwards.
There is a stone staircase leading down here.
There is an open door here.
There is a staircase leading out of the dungeon here.
Are you sure you want to leave the Dungeon?
This will make you lose the game!
You have escaped!

........#...............#
####.##
.......##...##.##.......#
#.#
..##.##.......>##.......#
####.#
..##...........##.......#
#....#
#.#####.##.#).###########
#.#### ..# #.##........#
#.# ..# #.##..#.##### #.#
.##
#.......#♣♣♣♣♣♣♣♣♣♣♣#.# ##
#####....#♣@.........'.#
###
##.####.###♣...♣♣♣♣♣P♣###
..###.#.###.###♣....P♣P♣.♣
#.##.###.##...#♣.♣....P♣.♣
#......##.#####♣.♣♣.⌠....♣
...#.#.#.## ♣.♣P....♣♣♣
...##...## ♣.♣♣P..♣♣
...###.## ♣.♣♣♣.♣♣ .l.#
#.# ♣.....♣


There were no monsters in sight!

Vanquished Creatures
  2 orc warlords
  7 hydras
  An ogre mage (Orc:2)
  A catoblepas (Lair:6)
  A centaur warrior (Volcano)
  4 two-headed ogres (Orc:2)
  6 orc high priests (Orc:2)
  A deep troll shaman (Lair:6)
  10 death yaks
  A hell knight (Volcano)
  2 lindwurms
  4 oklob plants (Lair:5)
  3 orc sorcerers
  7 orc knights
  An ugly thing (D:10)
  2 black mambas
  A guardian serpent (Lair:4)
  17 elephants
  An unseen horror (D:10)
  19 cane toads
  4 torpor snails
  Maggie (Lair:2)
  5 rime drakes
  2 yaktaurs (Volcano)
  12 komodo dragons
  A queen bee (Lair:2)
  5 trolls
  5 polar bears
  9 blink frogs
  4 dream sheep (Lair:4)
  Sigmund (D:3)
  A shadow (D:10)
  9 wyverns
  18 yaks
  Eustachio (D:6)
  3 basilisks
  2 steam dragons
  3 wargs (Orc:1)
  2 swamp worms (Lair:2)
  Menkaure (D:5)
  28 orc warriors
  5 black bears
  20 water moccasins
  A hornet zombie (D:5)
  A swamp drake (D:10)
  3 necrophages
  19 ogres
  4 centaurs
  20 wolves
  2 phantoms
  2 kobold brigands
  19 bullfrogs
  5 gnoll sergeants
  13 scorpions
  A wyvern skeleton (D:5)
  28 killer bees
  An electric eel (Lair:2)
  A wight (D:8)
  A howler monkey (D:8)
  A bullfrog zombie (D:6)
  5 hounds
  2 jellies
  4 centaur zombies
  2 human zombies (Ossuary)
  A gnoll shaman (D:10)
  13 orc priests
  Crazy Yiuf (D:5)
  A bullfrog skeleton (D:6)
  Ijyb (D:3)
  4 iguanas
  8 scorpion zombies (Ossuary)
  17 orc wizards
  4 hell rats (Lair:4)
  A hound zombie (D:5)
  3 mummies (Ossuary)
  2 howler monkey zombies
  28 gnolls
  A howler monkey skeleton (D:5)
  7 adders
  4 river rats (Sewer)
  An adder skeleton (D:5)
  2 worms
  69 orcs
  5 bats
  3 endoplasms
  6 giant cockroaches
  2 gnoll zombies (Ossuary)
  5 goblins
  8 hobgoblins
  8 jackals
  10 kobolds
  A quokka (D:5)
  5 ball pythons
  10 frilled lizards
  2 goblin zombies (Ossuary)
  A hobgoblin zombie (Ossuary)
  An orc zombie (Ossuary)
  15 rats
  A fulminant prism (D:10)
619 creatures vanquished.

Vanquished Creatures (others)
  An elephant (Lair:5)
  A komodo dragon (Lair:5)
  70 fulminant prisms
  96 fungi
  102 plants
270 creatures vanquished.

Grand Total: 889 creatures vanquished

Notes
Turn   | Place    | Note
-------+----------+-------------------------------------------
     0 | D:1      | Armakuni the Human Conjurer began the quest for the Orb.
     0 | D:1      | Reached XP level 1. HP: 13/13 MP: 3/3
   381 | D:1      | Reached XP level 2. HP: 19/19 MP: 0/5
   949 | D:2      | Learned a level 2 spell: Searing Ray
  1133 | D:2      | Found Sioh Qoq's Assorted Antiques.
  1143 | D:2      | Bought a scroll labelled AQUCIBO APLO for 31 gold pieces
  1146 | D:2      | Reached XP level 3. HP: 24/24 MP: 6/6
  1589 | D:2      | Reached XP level 4. HP: 24/30 MP: 5/8
  1666 | D:2      | Found a faded altar of an unknown god.
  2177 | D:3      | Reached skill level 5 in Conjurations
  2179 | D:3      | Reached XP level 5. HP: 35/35 MP: 3/10
  2359 | D:3      | Noticed Sigmund
  2365 | D:3      | Killed Sigmund
  2366 | D:3      | Reached XP level 6. HP: 35/41 MP: 2/12
  2482 | D:3      | Learned a level 4 spell: Fulminant Prism
  2487 | D:3      | Learned a level 4 spell: Iskenderun's Mystic Blast
  2615 | D:3      | Noticed Ijyb
  2617 | D:3      | Paralysed by Ijyb for 5 turns
  2626 | D:3      | Killed Ijyb
  2651 | D:3      | Learned a level 1 spell: Apportation
  2999 | D:4      | Identified the +0 robe of the Desolation of Salt {-Cast
                  | Will+ Dex+4}
  3007 | D:4      | Reached XP level 7. HP: 46/46 MP: 9/13
  3076 | D:4      | Found a glowing drain.
  3094 | Sewer    | Entered a sewer
  3908 | D:4      | Reached skill level 5 in Spellcasting
  4430 | D:5      | Entered Level 5 of the Dungeon
  4565 | D:5      | Found a staircase to the Ecumenical Temple.
  4731 | Temple   | Entered the Ecumenical Temple
  4761 | Temple   | Became a worshipper of Vehumet
  4838 | D:5      | Reached XP level 8. HP: 48/52 MP: 11/16
  5406 | D:5      | Found a shimmering altar of Xom.
  5406 | D:5      | Found an iron altar of Okawaru.
  5411 | D:5      | Reached XP level 9. HP: 57/57 MP: 13/19
  5444 | D:5      | Found a shadowy altar of Dithmenos.
  5445 | D:5      | Found a sparkling altar of Nemelex Xobeh.
  5704 | D:5      | Found Nadghy Ribata's Antique Weapon Shoppe.
  5769 | D:5      | Noticed Menkaure
  5775 | D:5      | Killed Menkaure
  5797 | D:5      | Found a runed translucent door.
  5798 | D:5      | Noticed Crazy Yiuf
  5804 | D:5      | Killed Crazy Yiuf
  5804 | D:5      | Reached * piety under Vehumet
  5804 | D:5      | Offered knowledge of Sandblast by Vehumet.
  5913 | D:5      | Found a stormy altar of Qazlal.
  6081 | D:6      | Found a sand-covered staircase.
  6090 | Ossuary  | Entered an ossuary
  6587 | Ossuary  | Offered knowledge of Poisonous Vapours by Vehumet.
  6622 | Ossuary  | Reached ** piety under Vehumet
  6627 | Ossuary  | Reached skill level 10 in Conjurations
  6666 | Ossuary  | Reached XP level 10. HP: 57/63 MP: 5/22
  6917 | D:6      | Reached skill level 1 in Staves
  7118 | D:6      | Reached skill level 2 in Staves
  7206 | D:6      | Reached skill level 3 in Staves
  7338 | D:6      | Offered knowledge of Static Discharge by Vehumet.
  7690 | D:6      | Noticed Eustachio
  7696 | D:6      | Killed Eustachio
  7697 | D:6      | Reached skill level 4 in Staves
  7982 | D:7      | Learned a level 5 spell: Iskenderun's Battlesphere
  7990 | D:7      | Learned a level 7 spell: Orb of Destruction
  7997 | D:7      | Found Hamn's Book Shop.
  8025 | D:7      | Reached skill level 1 in Fighting
  8737 | D:8      | Reached *** piety under Vehumet
  8738 | D:8      | Reached skill level 10 in Spellcasting
  9014 | D:8      | Found a flagged portal.
  9020 | Bailey   | Entered a bailey
  9931 | D:9      | Reached skill level 5 in Fighting
 10052 | D:9      | Offered knowledge of Sticky Flame by Vehumet.
 10060 | D:8      | Learned a level 4 spell: Sticky Flame
 10090 | D:9      | Reached skill level 1 in Armour
 10090 | D:9      | Reached XP level 11. HP: 52/79 MP: 9/25
 10542 | D:9      | Found a white marble altar of Elyvilon.
 10644 | D:9      | Found a staircase to the Lair.
 10991 | D:10     | Entered Level 10 of the Dungeon
 11428 | D:10     | Noticed a five-headed hydra
 11439 | D:10     | Killed a five-headed hydra
 11601 | D:10     | Noticed a brown ugly thing
 11613 | D:10     | Reached skill level 5 in Dodging
 11614 | D:10     | Killed a brown ugly thing
 11615 | D:10     | Reached skill level 5 in Armour
 11793 | D:10     | Reached **** piety under Vehumet
 12247 | D:10     | Found a staircase to the Orcish Mines.
 12250 | D:10     | Offered knowledge of Frozen Ramparts by Vehumet.
 12510 | D:11     | Noticed a boulder beetle
 12881 | Lair:1   | Entered Level 1 of the Lair of Beasts
 13529 | Lair:1   | Reached XP level 12. HP: 86/86 MP: 16/26
 13652 | Lair:1   | Learned a level 6 spell: Iron Shot
 13751 | Lair:1   | Found a stormy altar of Qazlal.
 13761 | Lair:1   | Reached skill level 1 in Earth Magic
 13761 | Lair:1   | Reached skill level 1 in Evocations
 15118 | Lair:2   | Reached ***** piety under Vehumet
 15146 | Lair:2   | Noticed a seven-headed hydra
 15146 | Lair:2   | Noticed Maggie
 15163 | Lair:2   | Killed a seven-headed hydra
 15163 | Lair:2   | Offered knowledge of Lee's Rapid Deconstruction by Vehumet.
 15169 | Lair:2   | Killed Maggie
 15379 | Lair:2   | Noticed a seven-headed hydra
 15390 | Lair:2   | Killed a seven-headed hydra
 15542 | Lair:2   | Found a staircase to the Swamp.
 16033 | Lair:3   | Found a dark tunnel.
 16040 | Lair:3   | Reached skill level 5 in Earth Magic
 16052 | Lair:3   | Reached XP level 13. HP: 46/91 MP: 7/28
 16158 | Volcano  | Entered a volcano
 16509 | Volcano  | Noticed a centaur warrior
 16514 | Volcano  | Killed a centaur warrior
 17660 | Lair:4   | Found a hazy altar of Hepliaklqana.
 17672 | Lair:4   | Identified the +0 pair of gloves "Hiblioqi" {rF+ Will++
                  | Str+4}
 17885 | Lair:4   | Reached skill level 10 in Earth Magic
 17885 | Lair:4   | Reached skill level 5 in Evocations
 19191 | Lair:4   | Found a staircase to the Snake Pit.
 19547 | Lair:5   | Found a staircase to the Slime Pits.
 19597 | Lair:5   | Reached XP level 14. HP: 88/98 MP: 17/29
 19871 | Lair:5   | Offered knowledge of Starburst by Vehumet.
 19981 | Lair:5   | Found a snail-covered altar of Cheibriados.
 19987 | Lair:5   | Reached skill level 10 in Evocations
 20964 | Lair:5   | Reached skill level 5 in Staves
 21402 | Lair:6   | Entered Level 6 of the Lair of Beasts
 21580 | Lair:6   | Reached skill level 6 in Staves
 22197 | Lair:6   | Reached skill level 7 in Staves
 22915 | Lair:6   | Reached skill level 8 in Staves
 22940 | Lair:6   | Reached XP level 15. HP: 87/112 MP: 7/30
 24152 | D:2      | Bought a scroll labelled HOSEXK PUNGYLE for 31 gold pieces
 24153 | D:2      | Bought a sparkling book for 465 gold pieces
 24383 | Orc:1    | Entered Level 1 of the Orcish Mines
 24407 | Orc:1    | Noticed an orc warlord
 24411 | Orc:1    | Reached skill level 9 in Staves
 24442 | Orc:1    | Killed an orc warlord
 25471 | Orc:2    | Entered Level 2 of the Orcish Mines
 25471 | Orc:2    | Found Elaext's Antique Weapon Boutique.
 25543 | Orc:2    | Found a staircase to the Elven Halls.
 25592 | Orc:2    | Reached skill level 10 in Fighting
 25663 | Orc:2    | Noticed an orc warlord
 25681 | Orc:2    | Killed an orc warlord
 25682 | Orc:2    | Reached skill level 10 in Staves
 25814 | Orc:2    | Offered knowledge of Eringya's Noxious Bog by Vehumet.
 26041 | Orc:2    | Reached skill level 11 in Staves
 26279 | Orc:2    | Found Jenas's Jewellery Emporium.
 26418 | Orc:2    | Upgraded the game from 0.27-a0-1136-g0b992a5a9d to
                  | 0.27-a0-1137-g3ef0f4ec91
 26872 | Orc:2    | Found Umeisit's General Store.
 27098 | Orc:2    | Reached skill level 12 in Staves
 27146 | Orc:2    | Found Ytoffomu's Antique Armour Boutique.
 27154 | Orc:2    | Bought a pair of embroidered boots for 240 gold pieces
 27346 | Orc:2    | Bought an amulet of magic regeneration for 540 gold pieces
 27359 | Orc:2    | Bought a ring of magical power for 360 gold pieces
 27418 | Orc:2    | Bought an ominously black robe for 182 gold pieces
 27418 | Orc:2    | Identified the +0 robe "Yshrujez" {rF+ Will+} (You bought
                  | it in a shop on level 2 of the Orcish Mines)
 27719 | D:2      | Bought a scroll of amnesia for 108 gold pieces
 27782 | D:$      | Got out of the dungeon alive.

Illustrated notes

Levels and vault maps discovered:
D:1:      psy_arrival_fountain, layout_loops_cross, minmay_strange_pillars
D:2:      layout_loops_ring, hellmonk_ecumenical_altar_prayer_group,
          serial_shops, shop
D:3:      layout_loops_cross, uniq_ijyb, uniq_sigmund
D:4:      layout_rooms, cheibrodos_sewer_entry_sluice
D:5:      cheibrodos_barr_body, layout_basic, lemuel_coloured_pillars_altar,
          minitemple, temple_fountains, serial_shops, kennysheep_mini_moat,
          minmay_misc_feat_iff, uniq_crazy_yiuf_cottage, uniq_menkaure
D:6:      layout_loops_ring, nicolae_ossuary_entry_ruins, uniq_eustachio
D:7:      layout_cave_pools, serial_gnoll_camp, gnoll_camp_mini_house,
          gnoll_camp_mini_hut, gnoll_camp_mini_hut, gnoll_camp_mini_shop
D:8:      layout_basic, enter_bailey_2, minivault_21, kennysheep_generic_room_12
D:9:      layout_cave_pools, lemuel_tele_altar, lair_entry_dummy
D:10:     layout_basic, erik_orc_1, kennysheep_doodads
D:11:     layout_basic, amcnicky_mini_pool_medium
Temple:   lightli_temple_of_artemis
Lair:1:   layout_loops_ring, basic_altar, lemuel_fruit_tree, grunt_megastairs_1
Lair:2:   layout_roguey [special_room_bee], palyth_hydra_swamp_entry,
          grunt_megastairs_4, lemuel_fruit_fields, serial_bayou_shore_a,
          uniq_maggie
Lair:3:   layout_misc_corridors, serial_rivers, chequers_serial_rivers_micro_b,
          chequers_serial_rivers_large_a, chequers_serial_rivers_micro_b,
          chequers_serial_rivers_micro_c, chequers_serial_rivers_room_a,
          chequers_serial_rivers_micro_e, nicolae_volcano_entry_vermiform
Lair:4:   layout_cave_pods, minmay_snake_entry_spellcaster, basic_altar,
          serial_bayou_shore_b, serial_bayou_shore_b
Lair:5:   layout_loops_ring, nicolae_slime_entry_slimehenge,
          nicolae_lair_grove_arrangements, kennysheep_snail_temple,
          minmay_lair_oklob_chamber
Lair:6:   grunt_lair_end_beastmaster, layout_regular_city, wad_woods_road_02,
          st_stairs_8, chequers_serial_rivers_room_a, patterned_corridor
Orc:1:    layout_caves
Orc:2:    grunt_orc_gardens, layout_caves, grunt_orc_garden, grunt_orc_garden,
          grunt_orc_garden, grunt_orc_garden, nicolae_orc_bridge_out,
          statue_in_the_mist_lemuel

Skill      XL: |  1  2  3  4  5  6  7  8  9 10 11 12 13 14 15 |
---------------+----------------------------------------------+-----
Spellcasting   | 3 4 5 7 8 10 11 | 11.1
Conjurations   | 5 6 7 8 10 11 | 11.1
Staves         | 4 8 12 | 12.0
Fighting       | 5 8 10 | 10.0
Armour         | 1 5 |  5.0
Dodging        | 5 |  5.0
Earth Magic    | 6 10 | 10.0
Evocations     | 4 9 10 | 10.0
Shields        | 4 |  4.0
Stealth        | |  2.0

Action                   |  1- 3 |  4- 6 |  7- 9 | 10-12 | 13-15 || total
-------------------------+-------+-------+-------+-------+-------++-------
Melee: Dagger            |    11 |    12 |       |       |       ||    23
       Flail             |       |     2 |    20 |       |       ||    22
       Quarterstaff      |       |       |    23 |    80 |       ||   103
       Staff             |       |       |       |     1 |   270 ||   271
Throw: Javelin           |    18 |     6 |     8 |       |       ||    32
       Dart              |     1 |     3 |       |       |       ||     4
 Cast: Magic Dart        |    19 |       |       |       |       ||    19
       Searing Ray       |     7 |    29 |    73 |   124 |   134 ||   367
       Fulminant Prism   |       |       |     6 |    50 |    16 ||    72
       Iskenderun's Myst |       |       |       |    33 |    14 ||    47
       Iskenderun's Batt |       |       |       |    12 |    54 ||    66
       Sticky Flame      |       |       |       |     1 |    42 ||    43
       Iron Shot         |       |       |       |       |    78 ||    78
Evoke: Wand              |       |       |     7 |    24 |    27 ||    58
  Use: Scroll            |     1 |     4 |     4 |    13 |     8 ||    30
       Potion            |       |       |       |    12 |     6 ||    18
 Stab: Sleeping          |     1 |       |     1 |     1 |       ||     3
       Paralysed         |       |       |     8 |       |       ||     8
Armor: Robe              |     2 |    13 |    19 |    41 |       ||    75
       Skin              |       |       |       |    68 |       ||    68
       Steam dragon scal |       |       |       |     3 |    80 ||    83
       Troll leather arm |       |       |       |       |    10 ||    10
Dodge: Dodged            |    17 |    23 |    62 |   163 |   243 ||   508
Block: Buckler           |       |       |       |    12 |   265 ||   277
       Reflection        |       |       |       |       |     8 ||     8

Table legend: (Time is in decaauts)
 A = Elapsed time spent in this place.
 B = Non-inter-level travel time spent in this place.
 C = Inter-level travel time spent in this place.
 D = Time resting spent in this place.
 E = Time spent auto-exploring this place.
 F = Levels seen in this place.
 G = Mean time per level.
                   A        B        C        D        E       F      G
               +--------+--------+--------+--------+--------+-----+--------+
         Total |  27875 |  26281 |   1594 |   7777 |  13400 |  24 | 1161.5 |
       Dungeon |  12073 |  10858 |   1215 |   3012 |   5658 |  11 | 1097.5 |
        Temple |     41 |     25 |     16 |      0 |      4 |   1 |   41.0 |
          Lair |  10752 |  10489 |    263 |   2966 |   5997 |   6 | 1792.0 |
  Orcish Mines |   3008 |   2908 |    100 |    859 |   1369 |   2 | 1504.0 |
         Sewer |    788 |    788 |      0 |    369 |    195 |   1 |  788.0 |
       Ossuary |    823 |    823 |      0 |    425 |     82 |   1 |  823.0 |
        Bailey |      4 |      4 |      0 |      0 |      0 |   1 |    4.0 |
       Volcano |    381 |    381 |      0 |    145 |     95 |   1 |  381.0 |
               +--------+--------+--------+--------+--------+-----+--------+

Top non-repeatable levels by time:
  Lair:6: 2479 daAuts
  Lair:5: 2120 daAuts
    D:10: 1877 daAuts
     D:8: 1809 daAuts
   Orc:2: 1774 daAuts
  Lair:4: 1662 daAuts
  Lair:2: 1535 daAuts
  Lair:1: 1518 daAuts
     D:5: 1514 daAuts
  Lair:3: 1436 daAuts
     D:3: 1290 daAuts
   Orc:1: 1234 daAuts
     D:6: 1194 daAuts
     D:2: 1009 daAuts
     D:1: 961 daAuts
